 Dungeon Crawl Stone Soup version 0.23-a0-730-g0b75920 (webtiles) character file.

51 Gruud the Grave Robber (level 3, -3/26 HPs)
             Began as a Demonspawn Necromancer on Jan 14, 2019.
             Killed from afar by Natasha (5 damage)
             ... with a magic dart
             ... on level 2 of the Dungeon on Jan 17, 2019.
             The game lasted 00:04:03 (1101 turns).

Gruud the Grave Robber (Demonspawn Necromancer)     Turns: 1101, Time: 00:04:04

Health: -3/26      AC:  2    Str:  9    XL:     3   Next: 57%
Magic:  1/6        EV: 12    Int: 16    God:
Gold:   34         SH:  0    Dex: 13    Spells: 5/7 levels left

rFire    . . .     SeeInvis .   i - +0 spear
rCold    . . .     Gourm    .   (no shield)
rNeg     . . .     Faith    .   a - +0 robe
rPois    .         Spirit   .   (helmet restricted)
rElec    .         Reflect  .   (no cloak)
rCorr    .         Harm     .   (no gloves)
MR       .....                  (no boots)
Stlth    ++........             (no amulet)
HPRegen  0.08/turn              (no ring)
MPRegen  0.10/turn              (no ring)

@: no status effects
A: antennae 1
a: no special abilities


You were on level 2 of the Dungeon.
You were not hungry.

You visited 1 branch of the dungeon, and saw 2 of its levels.

You collected 34 gold pieces.

Inventory:

Hand Weapons
 f - a +0 dagger
 i - a +0 spear (weapon)
Missiles
 h - 14 sling bullets
Armour
 a - a +0 robe (worn)
Scrolls
 e - a scroll of fog {unknown}
 g - a scroll of teleportation {unknown}
 j - 3 scrolls of amnesia {unknown}
Potions
 b - 2 potions of curing {unknown}
Comestibles
 c - 4 rations
 d - a chunk of flesh


   Skills:
 + Level 1.4 Fighting
 - Level 1.7 Dodging
 - Level 1.7 Stealth
 + Level 2.5 Spellcasting
 * Level 5.2 Necromancy


You had 5 spell levels left.
You knew the following spells:

 Your Spells              Type           Power        Failure   Level  Hunger
a - Pain                  Necr           ###.         2%          1    #......
b - Animate Skeleton      Necr           N/A          2%          1    #......

Your spell library contained the following spells:

 Spells                   Type           Power        Failure   Level  Hunger
 Vampiric Draining        Necr           ###.......   7%          3    ###....
 Regeneration             Chrm/Necr      ##........   21%         3    ###....
 Animate Dead             Necr           N/A          22%         4    #####..


Dungeon Overview and Level Annotations

Branches:
Dungeon (2/15)

Altars:

Annotations:
D:2 Natasha


Innate Abilities, Weirdness & Mutations

You have a pair of small antennae on your head.


Message History

Aiming: Pain (safe; 2% risk of failure)
Press: ? - help, Shift-Dir - straight line, f/p - Natasha
Aim: Natasha (almost dead, unusually resistant, chance to defeat MR: 78%) Natasha barely resists.
Natasha closely misses you.
Casting: Pain (safe; 2% risk of failure)
Confirm with . or Enter, or press ? or * to list all spells.
Aiming: Pain (safe; 2% risk of failure)
Press: ? - help, Shift-Dir - straight line, f/p - Natasha
Aim: Natasha (almost dead, unusually resistant, chance to defeat MR: 78%) Natasha writhes in agony!
Natasha claws you.
* * * LOW HITPOINT WARNING * * *
Casting: Pain (safe; 2% risk of failure)
Confirm with . or Enter, or press ? or * to list all spells.
Aiming: Pain (safe; 2% risk of failure)
Press: ? - help, Shift-Dir - straight line, f/p - Natasha
Aim: Natasha (almost dead, unusually resistant, chance to defeat MR: 78%) Natasha writhes in agony!
Natasha stares at you and mumbles some strange words.
The magic dart hits you!
You die...

#.# ###
#5.....# #.#
##.## #..#####
#.# ##...###h.#
#.# #.........#
#># ##...###.##
#.# ##.####.##
#<# #........
#.###########
#h####.##
#...........#
#@# #.#
###########.#
#.# #..
#.###.#########
#..............
###############


You could see Natasha.

Vanquished Creatures
  Natasha (D:2)
  A dart slug (D:1)
  3 goblins (D:1)
  A hobgoblin (D:1)
  7 bats (D:1)
  4 frilled lizards
  4 kobolds (D:1)
  4 rats (D:1)
25 creatures vanquished.

Notes
Turn   | Place    | Note
-------+----------+-------------------------------------------
     0 | D:1      | Gruud the Demonspawn Necromancer began the quest for the
                  | Orb.
     0 | D:1      | Reached XP level 1. HP: 13/13 MP: 3/3
     8 | D:1      | Learned a level 1 spell: Animate Skeleton
    97 | D:1      | Upgraded the game from 0.23-a0-704-g7fdf9c5 to
                  | 0.23-a0-730-g0b75920
   309 | D:1      | Gained mutation: You have a pair of small antennae on your
                  | head. [demonic ancestry]
   309 | D:1      | Reached XP level 2. HP: 19/20 MP: 3/5
   559 | D:1      | Reached skill level 1 in Fighting
  1019 | D:2      | Noticed Natasha
  1023 | D:2      | Killed Natasha
  1023 | D:2      | Reached skill level 5 in Necromancy
  1023 | D:2      | Reached XP level 3. HP: 21/26 MP: 1/6
  1076 | D:2      | Noticed Natasha
  1101 | D:2      | Killed from afar by Natasha

Vault maps used:
D:1:      scummos_arrival_star, hangedman_abyss_or_decor_stabs,
          grunt_decor_one_mirror, roderic_serpentine_path
D:2:      minmay_wonky_spiral, old_standard_altar, nicolae_ru_awakened_eye,
          uniq_natasha

Skill      XL: |  1  2 |
---------------+-------+-----
Fighting       | 1 |  1.4
Necromancy     | 5 |  5.2
Dodging        | |  1.7
Stealth        | |  1.7
Spellcasting   | |  2.5

Action                   || total
-------------------------++-------
Melee: Dagger            ||     3
 Cast: Pain              ||    53
  Eat: Chunk             ||     1
Armor: Robe              ||     1
Dodge: Dodged            ||     9

Table legend:
 A = Non-vault XP
 B = Vault XP
 C = Vault XP percentage of total XP
 D = Non-vault monster count
 E = Vault monster count
 F = Vault count percentage of total count
                 A         B        C        D         E       F
            +---------+---------+-------+---------+---------+-------
      Total |      38 |      35 |  47.9 |      24 |       1 |   4.0
            +---------+---------+-------+---------+---------+-------
        D:1 |      37 |       0 |   0.0 |      23 |       0 |   0.0
        D:2 |       1 |      35 |  97.2 |       1 |       1 |  50.0
            +---------+---------+-------+---------+---------+-------
